 Dungeon Crawl Stone Soup version 0.29-a0-234-g0dae59b3db (webtiles) character file.

Game seed: 8266557334214671278

124 avis the Skirmisher (level 5, -5/50 HPs)
             Began as a Hill Orc Monk on Mar 4, 2022.
             Slain by an iguana (8 damage)
             ... on level 4 of the Dungeon.
             The game lasted 00:08:39 (2305 turns).

avis the Skirmisher (Hill Orc Monk)                 Turns: 2305, Time: 00:08:40

Health: -5/50      AC:  8    Str: 16    XL:     5   Next: 8%
Magic:  5/5        EV:  6    Int: 10    God:
Gold:   136        SH: 10    Dex: 13    Spells: 4/4 levels left

rFire   + . .      SeeInvis .   g - +1 short sword (speed)
rCold   . . .      Faith    .   l - +0 tower shield
rNeg    . . .      Spirit   .   q - +0 chain mail
rPois   .          Reflect  .   (no helmet)
rElec   .          Harm     .   (no cloak)
rCorr   .          Rampage  .   (no gloves)
Will    .....                   (no boots)
Stlth   ..........              (no amulet)
HPRegen 0.16/turn               k - +4 ring of evasion
MPRegen 0.09/turn               m - ring of protection from fire

@: no status effects
A: no striking features
a: no special abilities


You were on level 4 of the Dungeon.
You visited 1 branch of the dungeon, and saw 3 of its levels.

You collected 136 gold pieces.

Inventory:

Hand Weapons
 g - a +1 short sword of speed (weapon)
Missiles
 c - a throwing net
 e - 75 stones
 j - 2 poisoned darts
 o - 4 datura-tipped darts (quivered)
Armour
 a - a +0 robe
 l - a +0 tower shield (worn)
 q - a +0 chain mail (worn)
Jewellery
 k - a +4 ring of evasion (left hand)
 m - a ring of protection from fire (right hand)
Scrolls
 f - a scroll of enchant weapon {unknown}
 h - a scroll of teleportation {unknown}
 p - a scroll of identify {unknown}
Potions
 b - a potion of brilliance {unknown}
 d - a potion of heal wounds {unknown}
 i - a potion of mutation {unknown}
 n - a potion of curing {unknown}


   Skills:
 * Level 6.3 Fighting
 - Level 3.0 Dodging
 - Level 1.5 Stealth
 - Level 3.2 Unarmed Combat


You had 4 spell levels left.
You didn't know any spells.
Your spell library was empty.

Dungeon Overview and Level Annotations

Branches:
Dungeon (2/15)

Altars:


Message History

The iguana closely misses you.
You barely miss the iguana.
The iguana is moderately wounded.
The iguana bites you! You block the iguana's attack.
You hit the iguana but do no damage.
The iguana is moderately wounded.
The iguana bites you!
You hit the iguana but do no damage.
The iguana is moderately wounded.
The iguana barely misses you.
You barely miss the iguana.
The iguana is moderately wounded.
You block the iguana's attack.
You closely miss the iguana.
The iguana is moderately wounded.
You block the iguana's attack.
You barely miss the iguana.
The iguana is moderately wounded.
You block the iguana's attack.
You hit the iguana.
The iguana is heavily wounded.
The iguana bites you. The iguana bites you!
* * * LOW HITPOINT WARNING * * *
You hit the iguana but do no damage.
The iguana is heavily wounded.
You block the iguana's attack.
You hit the iguana.
The iguana is severely wounded.
The iguana bites you!
* * * LOW HITPOINT WARNING * * *
You hit the iguana but do no damage.
The iguana is severely wounded.
The iguana bites you but does no damage.
Throw: 5 darts (datura)
Press: ? - help, Q - select action, (/) - cycle Shift-Dir - straight line, f - iguana
Aim: an iguana (severely wounded, 64% to hit, chance to frenzy on hit: 80%)
You throw a datura-tipped dart.
The datura-tipped dart barely misses the iguana.
The iguana bites you!
You die...

#.....#
#.....#.#
##.#..#
##.....#.#
......
#......#.#
+......#.#####
#......#.....#
+.........##.#
#...###..###.#
#.#######......#
#(....l@...#####
#.....##.#>#
#.... #.### #...
#.# #.. #.# #.
..# # ..# ..+


You could see an iguana.

Vanquished Creatures
  An ogre (D:4)
  An adder (D:2)
  2 dart slugs (D:1)
  3 bats
  4 endoplasms
  A giant cockroach (D:2)
  4 goblins
  3 hobgoblins (D:2)
  2 kobolds
  2 quokkas
  3 ball pythons (D:1)
  A rat (D:2)
27 creatures vanquished.

Notes
Turn   | Place    | Note
-------+----------+-------------------------------------------
     0 | D:1      | avis the Hill Orc Monk began the quest for the Orb.
     0 | D:1      | Reached XP level 1. HP: 19/19 MP: 1/1
   225 | D:1      | Reached skill level 4 in Fighting
   615 | D:1      | Reached XP level 2. HP: 27/27 MP: 2/2
  1568 | D:2      | Reached skill level 5 in Fighting
  1568 | D:2      | Reached XP level 3. HP: 34/36 MP: 3/3
  1858 | D:2      | You fall into a shaft and drop 2 floors!
  1858 | D:4      | Noticed an ogre
  1883 | D:4      | Killed an ogre
  1884 | D:4      | Reached skill level 6 in Fighting
  1884 | D:4      | Reached XP level 4. HP: 8/44 MP: 4/4
  1884 | D:4      | Reached XP level 5. HP: 9/50 MP: 5/5
  2303 | D:4      | HP: 2/50 [iguana (7)]
  2305 | D:4      | Slain by an iguana

Illustrated notes

Levels and vault maps discovered:
D:1:      pf_arrival_petrified_forest, layout_loops_corners,
          grunt_decor_arrowhead, patterned_corridor
D:2:      layout_loops_ring
D:4:      layout_basic, gammafunk_ghost_necromancy, hangedman_feature_mirror

Skill      XL: |  1  2  3 |
---------------+----------+-----
Fighting       | 4 5 6 |  6.3
Dodging        | 3 |  3.0
Stealth        | |  1.5
Unarmed Combat | |  3.2

Action                   |  1- 3 |  4- 6 || total
-------------------------+-------+-------++-------
Melee: Club              |    18 |       ||    18
       Dagger            |     2 |       ||     2
       Unarmed           |     1 |       ||     1
       Short sword       |    82 |    28 ||   110
Throw: Dart              |     3 |     1 ||     4
       Stone             |     2 |       ||     2
       Throwing net      |     2 |       ||     2
 Stab: Sleeping          |     4 |       ||     4
Armor: Robe              |     9 |     1 ||    10
       Chain mail        |       |     3 ||     3
Dodge: Dodged            |    55 |     6 ||    61
Block: Tower shield      |    26 |    14 ||    40

Table legend: (Time is in decaauts)
 A = Elapsed time spent in this place.
 B = Non-inter-level travel time spent in this place.
 C = Inter-level travel time spent in this place.
 D = Time resting spent in this place.
 E = Time spent auto-exploring this place.
 F = Levels seen in this place.
 G = Mean time per level.
                   A        B        C        D        E       F      G
               +--------+--------+--------+--------+--------+-----+--------+
         Total |   2318 |   2227 |     91 |    699 |   1091 |   3 |  772.7 |
       Dungeon |   2318 |   2227 |     91 |    699 |   1091 |   3 |  772.7 |
               +--------+--------+--------+--------+--------+-----+--------+

Top non-repeatable levels by time:
     D:1: 1503 daAuts
     D:4: 456 daAuts
     D:2: 357 daAuts
